 Dungeon Crawl Stone Soup version 0.31.0-11-ge490571c62 (webtiles) character file.

Game seed: 18373641767658223971

82 Ashen the Sneak (level 4, -1/32 HPs)
             Began as a Gnoll Enchanter on Feb 3, 2024.
             Slain by an orc
             ... wielding a +0 trident
              (9 damage)
             ... on level 4 of the Dungeon.
             The game lasted 00:04:02 (2179 turns).

Ashen the Sneak (Gnoll Enchanter)                   Turns: 2179, Time: 00:04:02

Health: -1/32      AC:  2    Str:  8    XL:     4   Next: 43%
Magic:  7/11       EV: 13    Int: 14    God:
Gold:   49         SH:  0    Dex: 14    Spells: 2/13 levels left

rFire   . . .        l - +2 dagger (venom)
rCold   + . .        (no shield)
rNeg    . . .        b - +0 robe
rPois   .            (no helmet)
rElec   .            (no cloak)
rCorr   .            (no gloves)
SInv    .            (no boots)
Will    .....        (no amulet)
Stlth   +++          f - ring of wizardry
HPRegen 0.25/turn    r - ring of protection from cold
MPRegen 0.12/turn

%: wizardry (x1)
@: no status effects
A: fangs 1, strong nose, distributed training
a: no special abilities


You were on level 4 of the Dungeon.
You visited 1 branch of the dungeon, and saw 4 of its levels.

You collected 179 gold pieces.
You spent 130 gold pieces at shops.

Inventory:

Hand Weapons
 a - a +1 dagger
 l - a +2 dagger of venom (weapon)
 o - a +0 rapier
Armour
 b - a +0 robe (worn)
Jewellery
 f - a ring of wizardry (left hand)
 r - a ring of protection from cold (right hand)
Scrolls
 h - a scroll of immolation {unknown}
 i - a scroll of fog {unknown}
 j - a scroll of teleportation {unknown}
 k - a scroll of blinking {unknown}
 p - a scroll of amnesia {unknown}
 q - a scroll of fear {unknown}
Potions
 c - a potion of invisibility
 d - a potion of curing {unknown}
 e - a potion of brilliance {unknown}
 g - a potion of lignification {unknown}
 m - a potion of resistance
 n - a potion of enlightenment {unknown}


   Skills:
 + Level 1.2 Fighting
 + Level 2.8 Short Blades
 + Level 1.2 Long Blades
 + Level 1.2 Axes
 + Level 1.2 Maces & Flails
 + Level 1.2 Polearms
 + Level 1.2 Staves
 + Level 1.2 Ranged Weapons
 + Level 1.2 Throwing
 + Level 1.2 Armour
 + Level 4.6 Dodging
 + Level 6.0 Stealth
 + Level 1.2 Shields
 + Level 1.2 Unarmed Combat
 + Level 5.1 Spellcasting
 + Level 1.0 Conjurations
 + Level 5.5 Hexes
 + Level 1.0 Summonings
 + Level 1.0 Necromancy
 + Level 1.0 Translocations
 + Level 1.0 Fire Magic
 + Level 1.0 Ice Magic
 + Level 1.0 Air Magic
 + Level 1.0 Earth Magic
 + Level 1.0 Alchemy
 + Level 1.3 Invocations
 + Level 1.2 Evocations
 + Level 1.1 Shapeshifting


You had 2 spell levels left.
You knew the following spells:

 Your Spells              Type           Power      Damage    Failure   Level
a - Ensorcelled Hibernat  Hex/Ice        24%        N/A       2%          2
b - Confusing Touch       Hex            18%        N/A       2%          3
c - Tukima's Dance        Hex            18%        N/A       2%          3
d - Dazzling Flash        Conj/Hex       24%        N/A       6%          3

Your spell library contained the following spells:

 Spells                   Type           Power      Damage    Failure   Level


Dungeon Overview and Level Annotations

Branches:
Dungeon (3/15)

Altars:

Shops:
D:2 =[![


Innate Abilities, Weirdness & Mutations

You have very sharp teeth.
Your uncanny sense of smell can sniff out nearby items.
Your experience applies equally to all skills.


Message History

Your Conjurations skill increases to level 1!
Your Summonings skill increases to level 1!
Your Necromancy skill increases to level 1!
Your Translocations skill increases to level 1!
Your Fire Magic skill increases to level 1!
Your Ice Magic skill increases to level 1!
Your Air Magic skill increases to level 1!
Your Earth Magic skill increases to level 1!
Your Alchemy skill increases to level 1!
r - a ring of protection from cold
r - a ring of protection from cold (right hand) Magic restored.
A bombardier beetle and 2 orcs come into view.
Found a stone staircase leading up.
An endoplasm comes into view.
The orc shouts!
You hear a shout!
An endoplasm comes into view.
An orc comes into view. It is wielding a +0 mace.
An orc wizard comes into view. It is wielding a +0 dagger.
The orc shouts!
You hear a shout!
The orc attacks as it pursues you!
The orc hits you from afar with a +0 trident!
The orc hits you from afar with a +0 trident.
Casting: Ensorcelled Hibernation (safe; 2% risk of failure)
Confirm with . or Enter, or press ? or * to list all spells.
Aiming: Ensorcelled Hibernation (safe; 2% risk of failure)
Press: ? - help, Shift-Dir - straight line, f - orc
Aim: an orc, wielding a +0 trident (chance to affect: 63%)
The orc resists with significant effort.
The orc hits you from afar with a +0 trident.
The orc hits you with a +0 trident!
* * * LOW HITPOINT WARNING * * *
Casting: Ensorcelled Hibernation (safe; 2% risk of failure)
Confirm with . or Enter, or press ? or * to list all spells.
Aiming: Ensorcelled Hibernation (safe; 2% risk of failure)
Press: ? - help, Shift-Dir - straight line, f/p - orc
Aim: an orc, wielding a +0 trident (chance to affect: 63%)
The orc resists with significant effort.
The orc hits you with a +0 trident!
You die...

.....####....#
........#.##.####
∆
........#g##....#
#....g...###.#
#....##### #.#
#....# ####.#
#....# #.##.####
#....# #.##..†.#
######
#.##@#....#
#..o.####.#
#.#### # #...#
##### ###.#
...o..###o#
..o.o.....#
...B..J####
..<....


You could see an orc.

Vanquished Creatures
  A gnoll (D:1)
  4 adders
  A dart slug (D:1)
  5 bats
  2 endoplasms
  2 giant cockroaches
  2 goblins
  2 hobgoblins (D:1)
  3 jackals (D:2)
  4 kobolds
  A quokka (D:1)
  4 ball pythons
  A frilled lizard (D:1)
  4 rats
36 creatures vanquished.

Notes
Turn   | Place    | Note
-------+----------+-------------------------------------------
     0 | D:1      | Ashen the Gnoll Enchanter began the quest for the Orb.
     0 | D:1      | Reached XP level 1. HP: 13/13 MP: 6/6
    87 | D:1      | Reached XP level 2. HP: 8/20 MP: 7/7
    90 | D:1      | Learned a level 2 spell: Ensorcelled Hibernation
   510 | D:1      | Reached skill level 5 in Spellcasting
   510 | D:1      | Reached XP level 3. HP: 25/25 MP: 7/9
   672 | D:1      | Learned a level 3 spell: Confusing Touch
   676 | D:1      | Learned a level 3 spell: Tukima's Dance
   680 | D:1      | Learned a level 3 spell: Dazzling Flash
   951 | D:1      | Reached skill level 6 in Stealth
  1316 | D:2      | Reached skill level 1 in Invocations
  1348 | D:2      | Found Payj's Jewellery Emporium.
  1599 | D:2      | Found Wiffug's Distillery.
  1604 | D:2      | Bought a potion of resistance for 130 gold pieces
  1672 | D:2      | Found Daezaoqof's Armour Emporium.
  1769 | D:2      | Found Caekhuath's Antique Armour Shoppe.
  1905 | D:3      | Reached skill level 1 in Fighting
  1905 | D:3      | Reached skill level 1 in Long Blades
  1905 | D:3      | Reached skill level 1 in Axes
  1905 | D:3      | Reached skill level 1 in Maces & Flails
  1905 | D:3      | Reached skill level 1 in Polearms
  1905 | D:3      | Reached skill level 1 in Staves
  1905 | D:3      | Reached skill level 1 in Ranged Weapons
  1905 | D:3      | Reached skill level 1 in Throwing
  1905 | D:3      | Reached skill level 1 in Armour
  1905 | D:3      | Reached skill level 1 in Shields
  1905 | D:3      | Reached skill level 1 in Unarmed Combat
  1905 | D:3      | Reached skill level 1 in Evocations
  1996 | D:3      | Reached skill level 1 in Shapeshifting
  1996 | D:3      | Reached XP level 4. HP: 32/32 MP: 11/11
  2113 | D:3      | You fall into a shaft and drop 1 floor!
  2137 | D:4      | Reached skill level 1 in Conjurations
  2137 | D:4      | Reached skill level 1 in Summonings
  2137 | D:4      | Reached skill level 1 in Necromancy
  2137 | D:4      | Reached skill level 1 in Translocations
  2137 | D:4      | Reached skill level 1 in Fire Magic
  2137 | D:4      | Reached skill level 1 in Ice Magic
  2137 | D:4      | Reached skill level 1 in Air Magic
  2137 | D:4      | Reached skill level 1 in Earth Magic
  2137 | D:4      | Reached skill level 1 in Alchemy
  2179 | D:4      | Slain by an orc

Illustrated notes

Levels and vault maps discovered:
D:1:      ncdulo_lavacross, layout_basic, hex_tiny
D:2:      layout_rooms, serial_shops, nicolae_shop_statue_plus,
          nicolae_shop_crystal, nicolae_shop_real_fake_doors, shop,
          nicolae_underground_beach
D:3:      layout_basic, serial_curves, eino_curves_03, eino_curves_04,
          shapermc_ecumenical_altar_mp_vishouse, nicolae_the_louvre
D:4:      layout_basic, mainiacjoe_overflow_24_doors,
          mainiacjoe_overflow_alcove_2, uniq_eustachio

Skill      XL: |  1  2  3  4 |
---------------+-------------+-----
Spellcasting   | 5 |  5.1
Stealth        | 6 |  6.0
Invocations    | 1 |  1.3
Fighting       | 1 |  1.2
Long Blades    | 1 |  1.2
Axes           | 1 |  1.2
Maces & Flails | 1 |  1.2
Polearms       | 1 |  1.2
Staves         | 1 |  1.2
Ranged Weapons | 1 |  1.2
Throwing       | 1 |  1.2
Armour         | 1 |  1.2
Shields        | 1 |  1.2
Unarmed Combat | 1 |  1.2
Evocations     | 1 |  1.2
Shapeshifting  | 1 |  1.1
Conjurations   | 1 |  1.0
Summonings     | 1 |  1.0
Necromancy     | 1 |  1.0
Translocations | 1 |  1.0
Fire Magic     | 1 |  1.0
Ice Magic      | 1 |  1.0
Air Magic      | 1 |  1.0
Earth Magic    | 1 |  1.0
Alchemy        | 1 |  1.0
Short Blades   | |  2.8
Dodging        | |  4.6
Hexes          | |  5.5

Action                     |  1- 3 |  4- 6 || total
---------------------------+-------+-------++-------
  Melee: Dagger            |    96 |     3 ||    99
         Bite              |     8 |     1 ||     9
         Punch             |     1 |       ||     1
   Cast: Ensorcelled Hiber |    12 |     4 ||    16
    Use: Potion            |     1 |       ||     1
   Stab: Invisible         |     1 |       ||     1
         Sleeping          |    14 |     2 ||    16
 Armour: Robe              |    37 |     7 ||    44
  Dodge: Dodged            |    62 |       ||    62
